 Dungeon Crawl Stone Soup version 0.26.0-10-g1f06aea511 (webtiles) character file.

Game seed: 16453003172796796978

331 Borgoz the Skirmisher (level 6, -4/52 HPs)
             Began as a Ghoul Gladiator on Jan 13, 2021.
             Slain by a mummy (10 damage)
             ... in an ossuary.
             The game lasted 00:06:01 (4284 turns).

Borgoz the Skirmisher (Ghoul Gladiator)             Turns: 4284, Time: 00:06:01

Health: -4/52      AC:  7    Str: 18 (20) XL:     6   Next: 52%
Magic:  5/5        EV: 12    Int:  2 (3)  God:
Gold:   250        SH:  0    Dex:  9 (10) Spells: 5/5 levels left

rFire    . . .     SeeInvis .   a - +1 long sword
rCold    + . .     Faith    .   (no shield)
rNeg     + + +     Spirit   .   b - +0 leather armour
rPois    ∞         Reflect  .   c - +1 helmet
rElec    .         Harm     .   e - +0 cloak
rCorr    .         Rampage  .   (no gloves)
Will     .....                  p - +0 pair of boots
Stlth    +.........             (no amulet)
HPRegen  0.00/turn              (no ring)
MPRegen  0.09/turn              (no ring)

@: very slightly contaminated, invisible
A: claws 1, cold resistance 1, negative energy resistance 3, inhibited
regeneration, torment resistance, unbreathing
a: no special abilities


You were in an ossuary.
You visited 1 branch of the dungeon, and saw 4 of its levels.
You also visited: Sewer and Ossuary.

You collected 250 gold pieces.

Inventory:

Hand Weapons
 a - a +1 long sword (weapon)
Missiles
 d - 2 throwing nets (quivered)
Armour
 b - a +0 leather armour (worn)
 c - a +1 helmet (worn)
 e - a +0 cloak (worn)
 p - a +0 pair of boots (worn)
Wands
 i - a wand of paralysis (8)
Scrolls
 h - a scroll of identify
 r - a scroll of fog
 s - 3 scrolls of teleportation
Potions
 j - 2 potions of attraction
 q - a potion of flight


   Skills:
 + Level 3.8 Fighting
 + Level 3.7 Long Blades
 - Level 1.7 Throwing
 * Level 3.5 Armour
 + Level 3.6 Dodging


You had 5 spell levels left.
You didn't know any spells.
Your spell library contained the following spells:

 Spells                   Type           Power        Failure   Level
 Animate Skeleton         Necr           0%           61%         1
 Pain                     Necr           0%           61%         1
 Vampiric Draining        Necr           0%           93%         3
 Animate Dead             Necr           0%           100%        4
 Agony                    Necr           0%           100%        5


Dungeon Overview and Level Annotations

Branches:
Dungeon (4/15)              Sewer (visited)         Ossuary (1/1)
 Temple: D:4-7

Altars:
Trog


Innate Abilities, Weirdness & Mutations

You thrive by killing the living.
You are immune to poison.
You have sharp fingernails.
Your flesh is cold resistant. (rC+)
You are immune to negative energy. (rN+++)
You do not regenerate when monsters are visible.
You are immune to unholy pain and torment.
You can survive without breathing.


Message History

You hit the mummy but do no damage.
The mummy is almost destroyed.
The mummy hits you.
* * * LOW HITPOINT WARNING * * *
You barely miss the mummy.
The mummy is almost destroyed.
The mummy barely misses you.
The orc zombie hits you but does no damage.
The mummy hits you.
* * * LOW HITPOINT WARNING * * *
The mummy misses you.
You slash the mummy!
You destroy the mummy!
You barely miss the mummy. The mummy barely misses you.
The orc zombie hits you but does no damage.
You strike the helpless gnoll zombie from behind!
You hit the gnoll zombie.
You destroy the gnoll zombie!
The mummy hits you!
You die...

...............
..............#
.............
#........#
#......#
##....## #...Z#
#..MM# #.M.@#
#..Z.# #....#
#....# #....#
#.∩∩.# ######


You could see 3 mummies and 2 orc zombies.

Vanquished Creatures
  An orc priest (D:4)
  2 orc wizards
  A hound skeleton (D:4)
  3 mummies
  4 adders
  A river rat (D:3)
  A shadow imp (D:4)
  4 oozes
  2 adder skeletons (D:4)
  6 worms
  5 leopard geckos
  8 orcs
  A ball python (D:1)
  5 giant cockroaches
  6 goblins (D:1)
  10 hobgoblins
  5 jackals
  A quokka (D:3)
  18 bats
  5 frilled lizards
  2 gnoll zombies (Ossuary)
  2 goblin zombies (D:4)
  2 hobgoblin zombies (Ossuary)
  9 kobolds
  A quokka skeleton (D:4)
  6 rats
111 creatures vanquished.

Notes
Turn   | Place    | Note
-------+----------+-------------------------------------------
     0 | D:1      | Borgoz the Ghoul Gladiator began the quest for the Orb.
     0 | D:1      | Reached XP level 1. HP: 17/17 MP: 0/0
   136 | D:1      | Reached XP level 2. HP: 25/25 MP: 1/1
   235 | D:1      | Reached skill level 1 in Armour
   774 | D:2      | Reached XP level 3. HP: 28/30 MP: 2/2
  1253 | D:2      | Reached XP level 4. HP: 35/37 MP: 3/3
  1380 | D:2      | Found a bloodstained altar of Trog.
  1409 | D:3      | Found a glowing drain.
  1434 | Sewer    | Entered a sewer
  2100 | Sewer    | Reached XP level 5. HP: 29/45 MP: 4/4
  4144 | D:4      | Reached XP level 6. HP: 41/51 MP: 5/5
  4197 | D:4      | Found a sand-covered staircase.
  4244 | Ossuary  | Entered an ossuary
  4284 | Ossuary  | Slain by a mummy

Illustrated notes

Levels and vault maps discovered:
D:1:      erik_arrival_triangle_medium, layout_rooms, minmay_surrounded
D:2:      layout_basic, lightli_temple_of_fire, minmay_misc_feat_rows
D:3:      layout_basic, portal_sewer_entry_a, minmay_pentomino_pile
D:4:      layout_cave_pools, nicolae_ossuary_entry_giza
Ossuary:  ossuary_tomb_3

Skill      XL: |  1  2  3  4  5 |
---------------+----------------+-----
Armour         | 1 2 3 |  3.5
Long Blades    | 3 |  3.7
Dodging        | 3 |  3.6
Fighting       | 3 |  3.8
Throwing       | |  1.7

Action                   |  1- 3 |  4- 6 || total
-------------------------+-------+-------++-------
Melee: Long sword        |    89 |   267 ||   356
Throw: Throwing net      |       |     2 ||     2
  Use: Scroll            |     6 |     5 ||    11
       Potion            |       |    13 ||    13
 Stab: Held in net/web   |       |     1 ||     1
       Invisible         |       |     2 ||     2
Armor: Leather armour    |    44 |   152 ||   196
Dodge: Dodged            |    68 |   251 ||   319
       Rpst.: Long sword |    22 |    69 ||    91
